 Dungeon Crawl Stone Soup version 0.22.1-2-g9c5b331 (webtiles) character file.

6182 Lilu the Thaumaturge (level 10, -4/59 HPs)
             Began as a Deep Elf Conjurer on Dec 8, 2018.
             Was a Priest of Vehumet.
             Slain by a wraith (5 damage)
             ... led by Josephine
             ... on level 9 of the Dungeon on Dec 9, 2018.
             The game lasted 00:42:08 (11121 turns).

Lilu the Thaumaturge (Deep Elf Conjurer)           Turns: 11121, Time: 00:42:09

Health: -4/59      AC:  6    Str:  5    XL:     10   Next: 60%
Magic:  28/43      EV: 16    Int: 24    God:    Vehumet [***...]
Gold:   532        SH:  0    Dex: 15    Spells: 7/27 levels left

rFire    + . .     SeeInvis .   o - +4 falchion (elec)
rCold    + . .     Gourm    .   (no shield)
rNeg     . . .     Faith    .   a - +0 robe {rC+ rF+}
rPois    .         Spirit   .   z - +0 helmet
rElec    .         Reflect  .   i - +0 cloak
rCorr    .         Harm     .   (no gloves)
MR       +....                  m - +1 pair of boots
Stlth    ++........             (no amulet)
HPRegen  0.19/turn              f - ring of magical power
MPRegen  0.28/turn              J - ring of magical power

@: slowed, drained, very slow
A: no striking features
a: Renounce Religion


You were on level 9 of the Dungeon.
You worshipped Vehumet.
Vehumet was most pleased with you.
You were very hungry.

You visited 1 branch of the dungeon, and saw 10 of its levels.
You also visited: Sewer.

You collected 532 gold pieces.

Inventory:

Hand Weapons
 o - a +4 falchion of electrocution (weapon)
Armour
 a - a +0 robe of resistance (worn)
 i - a +0 cloak (worn)
 m - a +1 pair of boots (worn)
 z - a +0 helmet (worn)
 I - a +0 leather armour of fire resistance
Jewellery
 f - a ring of magical power (left hand)
 J - a ring of magical power (right hand)
Wands
 q - a wand of enslavement (13)
 r - a wand of acid (12)
 C - a wand of random effects (36)
Scrolls
 h - 10 scrolls of identify
 k - 2 scrolls of blinking
 l - 4 scrolls of enchant armour
 u - 2 scrolls of teleportation {unknown}
 v - 5 scrolls of fog {unknown}
 x - a scroll of fear {unknown}
 y - 2 scrolls of magic mapping {unknown}
 B - a scroll of enchant weapon
 F - a scroll of vulnerability {unknown}
 G - 2 scrolls of remove curse {unknown}
 K - a scroll of random uselessness {unknown}
Potions
 b - a potion of degeneration {unknown}
 d - 13 potions of curing
 e - 2 potions of might
 g - a potion of cancellation {unknown}
 j - 2 potions of resistance {unknown}
 n - a potion of lignification {unknown}
 p - 2 potions of heal wounds {unknown}
 s - 2 potions of mutation {unknown}
 t - 3 potions of haste
 w - a potion of brilliance {unknown}
 A - 3 potions of invisibility {unknown}
 D - a potion of agility {unknown}
 E - a potion of berserk rage {unknown}
 L - a potion of ambrosia {unknown}
Comestibles
 c - 21 rations


   Skills:
 + Level 5.1(3.9) Fighting
 - Level 8.2(6.9) Dodging
 - Level 2.4(1.3) Stealth
 - Level 9.1(7.8) Spellcasting
 - Level 9.0(7.8) Conjurations
 - Level 8.0(6.7) Hexes
 - Level 6.2(5.1) Summonings
 + Level 3.3(2.2) Poison Magic


You had 7 spell levels left.
You knew the following spells:

 Your Spells              Type           Power        Failure   Level  Hunger
a - Magic Dart            Conj           ####         1%          1    None
b - Searing Ray           Conj           #####.       1%          2    None
c - Iskenderun's Mystic   Conj           #####...     1%          4    ###....
d - Summon Mana Viper     Hex/Summ       #####...     16%         5    #####..
e - Fulminant Prism       Conj/Hex       #####.....   1%          4    ###....
f - Olgreb's Toxic Radia  Pois           ###.....     7%          4    ###....

Your spell library contained the following spells:

 Spells                   Type           Power        Failure   Level  Hunger
 Confusing Touch          Hex            #####.       1%          1    None
 Summon Butterflies       Summ           ####....     1%          1    None
 Confuse                  Hex            #####...     1%          3    None
 Dazzling Spray           Conj/Hex       #####.       1%          3    None
 Call Canine Familiar     Summ           ####....     2%          3    None
 Force Lance              Conj/Tloc      ####....     3%          4    ###....
 Yara's Violent Unravell  Hex/Tmut       ####......   12%         5    #####..
 Gell's Gravitas          Tloc           #.........   21%         3    None
 Summon Ice Beast         Ice/Summ       ###.....     22%         4    ###....
 Metabolic Englaciation   Hex/Ice        ####......   41%         5    #####..
 Petrify                  Tmut/Erth      #.......     54%         4    ###....
 Summon Hydra             Summ           ####......   100%        7    #######


Dungeon Overview and Level Annotations

Branches:
Dungeon (10/15)            Temple (0/1) D:5            Lair (0/6) D:9
    Orc: D:9-12

Altars:
Ashenzari
Cheibriados
Fedhas
Gozag
Makhleb
Okawaru
Ru
Sif Muna
Vehumet
Yredelemnul

Annotations:
D:10 Josephine


Message History

A wight comes into view. It is wielding an enchanted hand axe.
A wraith comes into view.
You hear a croak.
The wraith hits you but does no damage. The wraith hits you.
* * * LOW HITPOINT WARNING * * *
The wraith drains your vigour!
You feel as though you will be slow longer.
The wraith barely misses you.
You climb upwards.
There is a stone staircase leading down here.
Casting: Iskenderun's Mystic Blast (safe; 1% risk of failure)
Confirm with . or Enter, or press ? or * to list all spells.
Aiming: Searing Ray (safe; 1% risk of failure)
Press: ? - help, Shift-Dir - straight line, f - wraith
Aim: a wraith (severely damaged)
The searing ray misses the wraith. (Press . to maintain the ray.)
You are feeling very hungry.
The wraith hits you.
You die...

#......# #..........#.. #......#
#.##.......#..
###########......###'###......#..
...........#'#####≈≈.≈≈#####'##..
...........#.....#≈#.#≈#.........
.[.........#.....'.._..'.........
...........#.....#≈#.#≈#.........
#######....#.....#≈≈.≈≈#.........
PPPPP##....#...W@###+###.........
PP..PP#..<.#........>............
..>.PP#....#.....................
...PPP#...[#.##....#######...##..
PPPPPP###+##.##....####.##...##..
.PP.PP#......................'...
..PP.##......................#...
...####......................#...
.....#..##...#############'####..


You could see a wraith.

Vanquished Creatures
  Pikel (D:9)
  Joseph (D:7)
  A komodo dragon (D:9)
  Grinder (D:3)
  A wraith (D:10)
  A wyvern (D:7)
  Edmund (D:4)
  3 ice beasts
  2 orc warriors (D:9)
  A phantom (D:6)
  6 ogres
  4 slaves (D:6)
  A crocodile (D:8)
  2 centaurs
  5 bullfrogs
  2 scorpions
  2 howler monkeys
  7 wights
  3 electric eels (D:7)
  2 crimson imps
  A centaur zombie (D:7)
  A quasit (D:7)
  4 jellies
  4 hounds
  11 orc priests
  A bullfrog skeleton (D:6)
  5 worker ants
  Ijyb (D:4)
  2 iguanas
  10 orc wizards
  A killer bee zombie (D:8)
  A bullfrog simulacrum (D:10)
  A hound skeleton (D:6)
  3 gnolls (D:6)
  11 adders
  3 river rats (Sewer)
  A shadow imp (D:5)
  A white imp (D:10)
  An ooze (D:1)
  An adder skeleton (D:7)
  3 worms
  3 dart slugs (D:1)
  7 leopard geckos
  31 orcs
  8 giant cockroaches
  8 goblins
  7 hobgoblins
  2 jackals (D:7)
  7 kobolds
  5 quokkas
  2 ball pythons (Sewer)
  10 bats
  11 frilled lizards
  2 jackal zombies
  A leopard gecko zombie (D:5)
  A quokka skeleton (D:7)
  A quokka zombie (D:8)
  13 rats
233 creatures vanquished.

Vanquished Creatures (collateral kills)
  Urug (D:10)
  Psyche (D:8)
  A sky beast (D:8)
  A jelly (D:8)
  A hound (D:8)
  A killer bee zombie (D:8)
  3 orcs (D:8)
9 creatures vanquished.

Vanquished Creatures (others)
  13 fulminant prisms
  A plant (D:9)
14 creatures vanquished.

Grand Total: 256 creatures vanquished

Notes
Turn   | Place    | Note
-------+----------+-------------------------------------------
     0 | D:1      | Lilu the Deep Elf Conjurer began the quest for the Orb.
     0 | D:1      | Reached XP level 1. HP: 10/10 MP: 6/6
   290 | D:1      | Reached XP level 2. HP: 16/16 MP: 5/8
   294 | D:1      | Learned a level 2 spell: Searing Ray
   540 | D:1      | Reached XP level 3. HP: 15/20 MP: 10/10
   591 | D:1      | Reached skill level 1 in Fighting
  1507 | D:2      | Found a snail-covered altar of Cheibriados.
  1869 | D:3      | Reached skill level 5 in Conjurations
  1869 | D:3      | Reached XP level 4. HP: 9/25 MP: 12/12
  2460 | D:3      | Found a basalt altar of Yredelemnul.
  2513 | D:3      | Reached XP level 5. HP: 30/30 MP: 13/13
  2556 | D:3      | Found a radiant altar of Vehumet.
  2570 | D:3      | Became a worshipper of Vehumet
  2712 | D:3      | Noticed Grinder
  2734 | D:3      | Killed Grinder
  2734 | D:3      | Reached skill level 5 in Spellcasting
  2734 | D:3      | Reached XP level 6. HP: 30/36 MP: 5/15
  3062 | D:4      | Found an opulent altar of Gozag.
  3194 | D:4      | Noticed Ijyb
  3202 | D:4      | Killed Ijyb
  3252 | D:4      | Noticed Edmund
  3298 | D:4      | Found a glowing drain.
  3321 | Sewer    | Entered a sewer
  3508 | Sewer    | Reached * piety under Vehumet
  3508 | Sewer    | Offered knowledge of Shock by Vehumet.
  3830 | D:4      | Reached XP level 7. HP: 40/40 MP: 17/17
  3986 | D:4      | Killed Edmund
  3986 | D:4      | Reached skill level 5 in Dodging
  4350 | D:4      | Learned a level 4 spell: Iskenderun's Mystic Blast
  4402 | D:5      | Entered Level 5 of the Dungeon
  4687 | D:5      | Found a staircase to the Ecumenical Temple.
  5102 | D:5      | Found a burning altar of Makhleb.
  5372 | D:5      | Reached XP level 8. HP: 46/46 MP: 20/20
  5459 | D:6      | Learned a level 5 spell: Summon Mana Viper
  5464 | D:6      | Learned a level 4 spell: Fulminant Prism
  5561 | D:6      | Reached skill level 1 in Hexes
  5687 | D:6      | Reached skill level 1 in Summonings
  5980 | D:6      | Reached ** piety under Vehumet
  6028 | D:6      | Offered knowledge of Throw Frost by Vehumet.
  7052 | D:7      | Found an iron altar of Okawaru.
  7241 | D:7      | Reached XP level 9. HP: 23/50 MP: 20/23
  7355 | D:7      | Found a sacrificial altar of Ru.
  7634 | D:7      | Reached skill level 5 in Hexes
  7904 | D:7      | Noticed Joseph
  8369 | D:7      | Killed Joseph
  8369 | D:7      | Offered knowledge of Throw Flame by Vehumet.
  8621 | D:8      | Noticed Psyche
  8630 | D:8      | Killed Psyche
  8630 | D:8      | Reached skill level 5 in Summonings
  8847 | D:8      | Found a radiant altar of Vehumet.
  8974 | D:8      | Reached *** piety under Vehumet
  8993 | D:8      | Reached XP level 10. HP: 27/56 MP: 21/25
  9464 | D:8      | Found a deep blue altar of Sif Muna.
  9923 | D:9      | Found a blossoming altar of Fedhas.
  9965 | D:9      | Offered knowledge of Olgreb's Toxic Radiance by Vehumet.
  9994 | D:9      | Learned a level 4 spell: Olgreb's Toxic Radiance
 10353 | D:9      | Found a staircase to the Lair.
 10367 | D:9      | Reached skill level 1 in Poison Magic
 10418 | D:9      | Found a shattered altar of Ashenzari.
 10472 | D:9      | Noticed Pikel
 10481 | D:9      | Killed Pikel
 10808 | D:10     | Entered Level 10 of the Dungeon
 10808 | D:10     | Found a snail-covered altar of Cheibriados.
 10824 | D:10     | Noticed Urug
 10846 | D:10     | Killed Urug
 10853 | D:10     | Reached skill level 5 in Fighting
 10892 | D:10     | Noticed Josephine
 11119 | D:10     | HP: 1/59 [wraith[Josephine] (6)]
 11121 | D:9      | Slain by a wraith

Skill      XL: |  1  2  3  4  5  6  7  8  9 10 |
---------------+-------------------------------+-----
Fighting       | 1 2 3 4 5 |  5.1
Dodging        | 3 4 6 7 8 |  8.2
Spellcasting   | 4 5 6 8 9 |  9.1
Conjurations   | 5 6 7 8 9 |  9.0
Hexes          | 3 6 8 |  8.0
Summonings     | 3 5 6 |  6.2
Poison Magic   | 3 |  3.3
Stealth        | |  2.4

Action                   |  1- 3 |  4- 6 |  7- 9 | 10-12 || total
-------------------------+-------+-------+-------+-------++-------
Melee: Unarmed           |     7 |       |       |       ||     7
       Falchion          |     1 |     3 |    42 |     6 ||    52
 Cast: Magic Dart        |    72 |    92 |   175 |    29 ||   368
       Searing Ray       |     3 |    10 |    35 |     6 ||    54
       Iskenderun's Myst |       |       |    35 |    40 ||    75
       Fulminant Prism   |       |       |     2 |    11 ||    13
       Summon Mana Viper |       |       |     2 |     2 ||     4
  Use: Scroll            |       |     6 |       |       ||     6
 Stab: Sleeping          |     1 |       |       |       ||     1
  Eat: Chunk             |     2 |     7 |    11 |     8 ||    28
       Ration            |       |       |     2 |       ||     2
Armor: Robe              |    15 |     3 |    34 |     6 ||    58
Dodge: Dodged            |    24 |    15 |   128 |    28 ||   195
       Rpst.: Falchion   |     1 |     2 |    32 |     7 ||    42
